 Dungeon Crawl Stone Soup version 0.30-a0-292-g0f741e3f8e (webtiles) character file.

Game seed: 9575780718499104528

45 plokij the Trooper (level 3, 0/33 HPs)
             Began as a Minotaur Berserker on Oct 17, 2022.
             Was a Believer of Trog.
             Slain by Sigmund
             ... wielding a +0 scythe
              (6 damage)
             ... on level 2 of the Dungeon.
             The game lasted 00:03:56 (1118 turns).

plokij the Trooper (Minotaur Berserker)             Turns: 1118, Time: 00:03:56

Health: 0/33       AC:  3    Str: 21    XL:     3   Next: 42%
Magic:  2/2        EV: 12    Int:  4    God:    Trog [**....]
Gold:   17         SH:  0    Dex: 11    Spells: 2/2 levels left

rFire   . . .      SeeInvis .    a - +0 falchion
rCold   . . .      Faith    .    (no shield)
rNeg    . . .      Spirit   .    f - +0 leather armour
rPois   .          Reflect  .    (helmet restricted)
rElec   .          Harm     .    (no cloak)
rCorr   .          Rampage  .    (no gloves)
Will    .....                    (no boots)
Stlth   +.........               (no amulet)
HPRegen 0.25/turn                (no ring)
MPRegen 0.08/turn                (no ring)

@: no status effects
A: horns 2, retaliatory headbutt
a: Renounce Religion, Berserk, Trog's Hand


You were on level 2 of the Dungeon.
You worshipped Trog.
Trog was pleased with you.
You visited 1 branch of the dungeon, and saw 2 of its levels.

You collected 17 gold pieces.

Inventory:

Hand Weapons
 a - a +0 falchion (weapon)
Missiles
 d - 23 stones (quivered)
Armour
 f - a +0 leather armour (worn)
Scrolls
 c - a scroll of poison {unknown}
 h - a scroll of brand weapon {unknown}
Potions
 b - a potion of mutation {unknown}
 e - 2 potions of magic {unknown}
 g - a potion of cancellation {unknown}


   Skills:
 + Level 4.1 Fighting
 + Level 4.1 Long Blades
 + Level 3.1 Armour
 + Level 2.9 Dodging


You had 2 spell levels left.
You didn't know any spells.
Your spell library contained the following spells:

 Spells                   Type           Power      Damage    Failure   Level
 Animate Armour           Summ/Erth      0%         N/A       100%        4
 Blade Hands              Tmut           0%         N/A       100%        5
 Iron Shot                Conj/Erth      0%         9d1       100%        6


Dungeon Overview and Level Annotations

Branches:
Dungeon (2/15)

Altars:
Elyvilon

Annotations:
D:2 Sigmund


Innate Abilities, Weirdness & Mutations

You have a pair of horns on your head.
You reflexively headbutt those who attack you in melee.


Message History

There is an open door here.
A bat comes into view.
The bat closely misses you. The bat misses you. You furiously retaliate!
You headbutt the bat!
You kill the bat!
Trog accepts your kill.
You see here a bat corpse.
There is a shaft here.
There is an open door here.
You open the door.
There is an open door here.
Sigmund and a quokka come into view.
Sigmund points at you and mumbles some strange words.
The puff of flame hits you! Sigmund casts a spell at you.
The magic dart hits you! Sigmund hits you but does no damage.
Sigmund hits you with a +0 scythe. The quokka closely misses you.
You hit Sigmund.
Sigmund is moderately wounded.
The quokka completely misses you.
You hit Sigmund but do no damage. Your headbutt misses Sigmund.
Sigmund is moderately wounded.
Sigmund hits you but does no damage. The quokka bites you.
You hit Sigmund but do no damage.
Sigmund is moderately wounded.
The quokka barely misses you. Sigmund hits you with a +0 scythe.
* * * LOW HITPOINT WARNING * * *
The quokka bites you but does no damage.
You miss the quokka. The quokka bites you.
* * * LOW HITPOINT WARNING * * *
Sigmund closely misses you.
You barely miss the quokka. The quokka closely misses you.
You barely miss the quokka. You headbutt the quokka.
You kill the quokka!
Trog accepts your kill. Sigmund barely misses you. You furiously retaliate!
You headbutt Sigmund!
Sigmund says, "Look into my eyes."
Sigmund hits you with a +0 scythe.
You die...

.#....##..........###......#
#.##...##.#.......##
#.#.#..# . .......##.....##
#.####.# ## .....# ##...##
#.# #.# ##'## #.####.#
###.#######......#
####.........######<#
#..@.......... #.#
#.##@....###.# #.# # #.....#
#.# ......# ..# ####.#.# ###
....# ###.# .. ##


You could see Sigmund.

Vanquished Creatures
  An adder (D:2)
  3 endoplasms
  A giant cockroach (D:2)
  2 goblins (D:1)
  5 hobgoblins
  3 quokkas
  3 ball pythons (D:1)
  2 bats
  2 frilled lizards (D:1)
  8 kobolds
  3 rats
33 creatures vanquished.

Notes
Turn   | Place    | Note
-------+----------+-------------------------------------------
     0 | D:1      | plokij the Minotaur Berserker began the quest for the Orb.
     0 | D:1      | Reached XP level 1. HP: 19/19 MP: 0/0
   107 | D:1      | You fall into a shaft and drop 1 floor!
   119 | D:2      | Found a white marble altar of Elyvilon.
   343 | D:1      | Reached XP level 2. HP: 27/27 MP: 1/1
   755 | D:2      | Reached XP level 3. HP: 17/33 MP: 2/2
   868 | D:2      | Reached ** piety under Trog
  1108 | D:2      | Noticed Sigmund
  1118 | D:2      | Slain by Sigmund

Illustrated notes

Levels and vault maps discovered:
D:1:      lemuel_arrival_broad_hall, layout_loops_cross,
          serial_co_window_serial, co_window_corner_a,
          co_window_of_opportunity_a, co_window_paths_b, co_window_corner_a,
          co_window_paths_a, co_window_corner_a, co_window_corner_a,
          co_window_cross_4, co_window_of_opportunity_c, co_window_cross_2,
          co_window_broadway_c, co_window_2corner, co_window_paths_c,
          glass_columns_b, glass_columns_c, glass_columns_a, glass_columns_b,
          chequers_ecumenical_altar_simple_redux
D:2:      layout_loops_corners, basic_altar, uniq_terence, uniq_sigmund

Skill      XL: |  1  2 |
---------------+-------+-----
Fighting       | 4 |  4.1
Long Blades    | 4 |  4.1
Armour         | 3 |  3.1
Dodging        | |  2.9

Action                   || total
-------------------------++-------
Melee: Falchion          ||    70
       Headbutt          ||     9
Armor: Animal skin       ||     3
       Leather armour    ||     8
Dodge: Dodged            ||    41

Table legend: (Time is in decaauts)
 A = Elapsed time spent in this place.
 B = Non-inter-level travel time spent in this place.
 C = Inter-level travel time spent in this place.
 D = Time resting spent in this place.
 E = Time spent auto-exploring this place.
 F = Levels seen in this place.
 G = Mean time per level.
                   A        B        C        D        E       F      G
               +--------+--------+--------+--------+--------+-----+--------+
         Total |   1124 |    889 |    235 |      0 |    666 |   2 |  562.0 |
       Dungeon |   1124 |    889 |    235 |      0 |    666 |   2 |  562.0 |
               +--------+--------+--------+--------+--------+-----+--------+

Top non-repeatable levels by time:
     D:2: 605 daAuts
     D:1: 519 daAuts
